 Dungeon Crawl Stone Soup version 0.30-b1-2-g02819fbbbe (webtiles) character file.

Game seed: 2051242993998986394

19534 LLlMATKO the Fighter (level 12, -2/112 HPs)
             Began as a Minotaur Berserker on July 25, 2023.
             Was a High Priest of Trog.
             Succumbed to Nessos's poison
             ... on level 12 of the Dungeon on July 26, 2023.
             The game lasted 00:13:04 (11987 turns).

LLlMATKO the Fighter (Minotaur Berserker)          Turns: 11987, Time: 00:13:05

Health: -2/112     AC: 20    Str: 26    XL:     12   Next: 37%
Magic:  2/2        EV: 12    Int:  4    God:    Trog [*****.]
Gold:   571        SH: 12    Dex: 18    Spells: 11/11 levels left

rFire   . . .        o - +5 war axe of Fragile Peace {venom, Dex+4}
rCold   + . .        E - +0 kite shield
rNeg    . . .        m - +0 plate armour
rPois   .            (helmet restricted)
rElec   .            q - +0 cloak
rCorr   .            r - +0 pair of gloves
SInv    +            V - +1 pair of boots "Vocrumip" {Dex+3}
Will    +....        (no amulet) Stlth
                     n - ring "Fovue" {rC+ Will+ MP-9 SInv}
HPRegen 0.38/turn    T - ring of flight
MPRegen 0.08/turn

%: no passive effects
@: lethally poisoned (-2 -> -15), on berserk cooldown, flying, hasted and slowed
A: horns 2, retaliatory headbutt
a: Renounce Religion, Berserk, Trog's Hand, Brothers in Arms


You were on level 12 of the Dungeon.
You worshipped Trog.
Trog was extremely pleased with you.
You visited 1 branch of the dungeon, and saw 12 of its levels.
You visited 1 bazaar.
You also visited: Ossuary.

You collected 799 gold pieces.
You spent 228 gold pieces at shops.

Inventory:

Hand Weapons
 o - the +5 war axe of Fragile Peace (weapon) {venom, Dex+4}
   (You found it on level 4 of the Dungeon)

   Dex:       It affects your dexterity (+4).
 N - a +0 demon whip of electrocution
Missiles
 a - 5 atropa-tipped darts (quivered)
 K - 32 poisoned darts
 L - a curare-tipped dart
 P - 3 throwing nets
Armour
 m - a +0 plate armour (worn)
 q - a +0 cloak (worn)
 r - a +0 pair of gloves (worn)
 E - a +0 kite shield (worn)
 V - the +1 pair of boots "Vocrumip" (worn) {Dex+3}
   (You bought it in a shop in a bazaar)

   Dex:       It affects your dexterity (+3).
Jewellery
 e - a ring of resist corrosion
 n - the ring "Fovue" (left hand) {rC+ Will+ MP-9 SInv}
   (You took it off an orc on level 3 of the Dungeon)

   [ring of protection from cold]

   rC:        It protects you from cold.
   MP:        It affects your magic capacity (-9).
   SInv:      It lets you see invisible.
   Will:      It increases your willpower.
 s - a +6 ring of intelligence
 S - a +6 ring of dexterity
 T - a ring of flight (right hand)
Wands
 k - a wand of polymorph (29)
 p - a wand of flame (8)
 F - a wand of paralysis (3)
 G - a wand of digging (4)
Scrolls
 c - 13 scrolls of identify
 u - a scroll of silence
 v - 7 scrolls of teleportation
 w - 2 scrolls of magic mapping
 y - 2 scrolls of fear {unknown}
 z - 2 scrolls of enchant weapon {unknown}
 A - 4 scrolls of enchant armour {unknown}
 B - 2 scrolls of vulnerability {unknown}
 I - a scroll of acquirement {unknown}
 J - 2 scrolls of fog {unknown}
 O - a scroll of blinking
 Q - 3 scrolls of poison {unknown}
Potions
 b - 2 potions of lignification {unknown}
 d - 2 potions of flight {unknown}
 f - a potion of berserk rage {unknown}
 g - a potion of resistance {unknown}
 h - 2 potions of degeneration {unknown}
 i - 4 potions of ambrosia
 j - 3 potions of magic {unknown}
 l - 7 potions of haste
 t - 2 potions of attraction {unknown}
 x - 5 potions of curing
 C - 2 potions of heal wounds {unknown}
 D - a potion of brilliance {unknown}
 H - 4 potions of mutation {unknown}
 M - a potion of might
 U - 2 potions of invisibility {unknown}


   Skills:
 + Level 12.0 Fighting
 + Level 12.0 Axes
 + Level 11.7 Armour
 + Level 10.8 Dodging
 + Level 9.6 Shields


You had 11 spell levels left.
You didn't know any spells.
Your spell library was empty.

Dungeon Overview and Level Annotations

Branches:
Dungeon (12/15)            Temple (0/1) D:6            Lair (0/5) D:10
    Orc (0/2) D:12        Ossuary (visited)

Altars:
Ashenzari
Dithmenos
Elyvilon
Gozag
Hepliaklqana
Kikubaaqudgha
Makhleb
Okawaru
Ru
Sif Muna
Trog
Vehumet
Wu Jian
Xom
Zin
The Shining One

Shops:
D:8 (   D:9 (

Annotations:
D:12 Nessos


Innate Abilities, Weirdness & Mutations

You have a pair of horns on your head.
You reflexively headbutt those who attack you in melee.


Message History

* * * LOW HITPOINT WARNING * * *
The arrow burns you.
* * * LOW HITPOINT WARNING * * *
You feel your anger nearly subside.
* * * LOW HITPOINT WARNING * * *
You feel very sick.
You slice Nessos!!
Nessos is poisoned.
You headbutt Nessos!
Nessos is severely wounded.
* * * LOW HITPOINT WARNING * * *
You feel very sick.
Nessos unwields a +1 longbow of flaming.
It stops flaming.
You block Nessos's attack. Nessos barely misses you.
Nessos hits you but does no damage. Nessos kicks you but does no damage.
You barely miss Nessos. Your headbutt misses Nessos.
Nessos is severely wounded.
* * * LOW HITPOINT WARNING * * *
You feel very sick. You block Nessos's attack.
Nessos kicks you but does no damage.
Unknown command.
You slash Nessos!
Nessos is severely wounded.
You are no longer berserk.
You are exhausted.
You feel yourself slow down.
* * * LOW HITPOINT WARNING * * *
You feel sick. You block Nessos's attack. Nessos misses you.
You block Nessos's attack. Nessos misses you.
You feel better. Nessos hits you but does no damage.
Nessos kicks you but does no damage.
Nessos mumbles some strange words.
Nessos blinks!
Nessos wields a +1 longbow of flaming.
It bursts into flame!
Nessos shoots an arrow.
The arrow hits you!
* * * LOW HITPOINT WARNING * * *
The arrow burns you.
You are lethally poisoned!
* * * LOW HITPOINT WARNING * * *
Unknown command.
Unknown command.
It was a potion of haste.
You feel yourself speed up.
You die...

*### ######## #..# #....... #..#
#....... ##########..# #.......
............# #.......
............# *** #.....[.
............# *,*###.......
............#########..c.........
................@................
.....#######............######...
.....#,,,,,#..#########.*,,,,#...
.....#,,,,,+..# *,*,,,,#...
.....#,,,,,#..# *,*,,,,#...
.....#,,,,,#..# *,*,,,,#...
..)..#,,,,,#..#********,+,####...
.....#,,,,,#......,,,,,.###......
.....####***,,,.....,,,..........


You could see Nessos (fast, very poisoned).

Vanquished Creatures
  Harold (D:9)
  An ogre mage (D:12)
  3 boulder beetles
  A two-headed ogre (D:11)
  Pikel (D:9)
  A cyclops (D:12)
  4 deep elf pyromancers
  Maurice (D:9)
  Joseph (D:9)
  2 gargoyles
  3 unseen horrors
  A freezing wraith (D:12)
  4 trolls
  Prince Ribbit (D:7)
  2 slime creatures (D:12)
  3 wyverns (D:10)
  6 wraiths
  2 shadows (D:12)
  Eustachio (D:5)
  2 basilisks
  4 steam dragons
  12 yaks
  3 vampire mosquitoes (D:12)
  2 wargs (D:10)
  2 water moccasins
  3 acid dragons
  Duvessa (D:7)
  An ice beast (D:7)
  A sky beast (D:7)
  A black bear (D:8)
  8 orc warriors
  A boggart (D:12)
  2 ogres
  The ghost of diceflayer the Shooter, an amateur DsHu (D:3)
  A phantom (D:5)
  3 lemures (D:9)
  4 kobold brigands
  A bullfrog (D:9)
  4 scorpions
  4 water moccasin zombies (Ossuary)
  5 wights (D:8)
  Dowan (D:7)
  6 killer bees (D:9)
  3 vampire bats (D:3)
  3 jellies
  3 hounds
  6 orc priests
  A sleepcap (D:8)
  3 iguanas (D:7)
  Ijyb (D:3)
  13 orc wizards
  3 mummies
  7 adders
  5 gnolls
  A white imp (D:6)
  2 ufetubi (D:5)
  5 adder zombies (Ossuary)
  3 worms
  2 dart slugs
  45 orcs
  12 ball pythons
  2 bat skeletons (D:3)
  4 bat zombies (D:3)
  6 endoplasms
  4 giant cockroaches
  5 goblins
  8 hobgoblins
  10 jackals
  21 kobolds
  3 quokkas
  3 training dummies (D:9)
  5 bats
  2 frilled lizards
  5 gnoll zombies (Ossuary)
  A goblin zombie (D:4)
  3 hobgoblin zombies (Ossuary)
  5 kobold zombies (Ossuary)
  6 orc zombies
  9 rats
332 creatures vanquished.

Vanquished Creatures (collateral kills)
  A gargoyle (D:12)
1 creature vanquished.

Vanquished Creatures (others)
  5 dream sheep (D:3)
  A rat (D:3)
6 creatures vanquished.

Grand Total: 339 creatures vanquished

Notes
Turn   | Place    | Note
-------+----------+-------------------------------------------
     0 | D:1      | LLlMATKO the Minotaur Berserker began the quest for the
                  | Orb.
     0 | D:1      | Reached XP level 1. HP: 19/19 MP: 0/0
   124 | D:1      | Reached XP level 2. HP: 12/27 MP: 1/1
   830 | D:1      | Reached XP level 3. HP: 32/33 MP: 2/2
   852 | D:1      | Reached ** piety under Trog
  1174 | D:2      | Found a faded altar of an unknown god.
  1459 | D:2      | Reached XP level 4. HP: 35/40 MP: 3/3
  1759 | D:3      | Found an ornate altar of the Wu Jian Council.
  1799 | D:3      | Identified the ring "Fovue" {rC+ Will+ MP-9 SInv}
  1872 | D:3      | Found an ancient bone altar of Kikubaaqudgha.
  1878 | D:3      | Reached XP level 5. HP: 46/47 MP: 4/4
  1886 | D:3      | Reached skill level 5 in Fighting
  1886 | D:3      | Reached skill level 5 in Axes
  2045 | D:3      | Identified the +2 flail of Prudence {pain, rElec rN+ MP+9}
  2262 | D:3      | Noticed a dream sheep
  2262 | D:3      | Noticed a dream sheep
  2262 | D:3      | Noticed a dream sheep
  2262 | D:3      | Noticed a dream sheep
  2262 | D:3      | Noticed a dream sheep
  2262 | D:3      | Found a shimmering altar of Xom.
  2267 | D:3      | Killed a dream sheep
  2267 | D:3      | Killed a dream sheep
  2267 | D:3      | Killed a dream sheep
  2268 | D:3      | Killed a dream sheep
  2268 | D:3      | Killed a dream sheep
  2279 | D:3      | Reached XP level 6. HP: 56/56 MP: 5/5
  2282 | D:3      | Reached *** piety under Trog
  2414 | D:3      | Found a runed translucent door.
  2420 | D:3      | Noticed diceflayer's ghost (amateur DsHu)
  2636 | D:3      | Noticed Ijyb
  2644 | D:3      | Killed Ijyb
  2878 | D:3      | Killed diceflayer's ghost
  3074 | D:4      | Found a burning altar of Makhleb.
  3097 | D:4      | Found a shadowy altar of Dithmenos.
  3097 | D:4      | Noticed a shadow
  3099 | D:4      | Found a hazy altar of Hepliaklqana.
  3160 | D:4      | Identified the +5 war axe of Fragile Peace {venom, Dex+4}
  3281 | D:4      | Found a sand-covered staircase.
  3287 | Ossuary  | Entered an ossuary
  3308 | Ossuary  | Reached XP level 7. HP: 60/62 MP: 6/6
  3326 | Ossuary  | Reached skill level 5 in Armour
  3414 | Ossuary  | Reached skill level 5 in Dodging
  3713 | D:4      | Found an iron altar of Okawaru.
  4039 | D:5      | Entered Level 5 of the Dungeon
  4046 | D:5      | Noticed Eustachio
  4051 | D:5      | Reached **** piety under Trog
  4172 | D:5      | Killed Eustachio
  4173 | D:5      | Reached XP level 8. HP: 71/71 MP: 7/7
  4356 | D:5      | Found a white marble altar of Elyvilon.
  4577 | D:5      | Reached skill level 1 in Shields
  4973 | D:6      | Found a radiant altar of Vehumet.
  5049 | D:6      | You fall into a shaft and drop 3 floors!
  5061 | D:9      | Reached XP level 9. HP: 79/81 MP: 8/8
  5106 | D:8      | Found Tohavihu's Antique Weapon Shoppe.
  5316 | D:7      | Found a broken altar of Ashenzari.
  5374 | D:6      | Found a sacrificial altar of Ru.
  5475 | D:6      | Found an opulent altar of Gozag.
  5491 | D:6      | Found a staircase to the Ecumenical Temple.
  5577 | D:7      | Noticed Duvessa
  5582 | D:7      | Noticed Dowan
  5586 | D:7      | Killed Duvessa
  5592 | D:7      | Killed Dowan
  5764 | D:7      | Noticed Prince Ribbit
  5775 | D:7      | Killed Prince Ribbit
  6368 | D:8      | Reached skill level 5 in Shields
  6375 | D:8      | Reached ***** piety under Trog
  6491 | D:8      | Reached XP level 10. HP: 76/91 MP: 9/9
  7016 | D:9      | Identified the +3 hand axe of Veclyxun {protect, rElec
                  | rPois rN+ Int-5}
  7026 | D:9      | Noticed Pikel
  7034 | D:9      | Killed Pikel
  7048 | D:9      | Noticed Maurice
  7070 | D:9      | Killed Maurice
  7193 | D:9      | Found Nore Set's Firing Range.
  7329 | D:9      | Received a gift from Trog
  7508 | D:9      | Found a bloodstained altar of Trog.
  7535 | D:9      | Noticed Joseph
  7545 | D:9      | Killed Joseph
  7554 | D:9      | Reached skill level 10 in Fighting
  7557 | D:9      | Found a glowing golden altar of the Shining One.
  7737 | D:9      | Reached skill level 10 in Axes
  7812 | D:9      | Noticed Harold
  7825 | D:9      | Killed Harold
  8330 | D:9      | Reached XP level 11. HP: 88/100 MP: 10/10
  8595 | D:9      | Found a shimmering blue altar of Sif Muna.
  8682 | D:10     | Entered Level 10 of the Dungeon
  8811 | D:10     | Found a glowing silver altar of Zin.
  8837 | D:10     | Noticed a deep elf pyromancer
  8848 | D:10     | Killed a deep elf pyromancer
  8849 | D:10     | Reached skill level 10 in Armour
  9094 | D:10     | Found a staircase to the Lair.
  9984 | D:11     | Noticed a boulder beetle
  9991 | D:11     | Killed a boulder beetle
 10201 | D:11     | Noticed a two-headed ogre
 10207 | D:11     | Killed a two-headed ogre
 10979 | D:12     | Reached skill level 10 in Dodging
 11039 | D:12     | Found a flickering gateway to a bazaar.
 11049 | Bazaar   | Entered a bazaar
 11049 | Bazaar   | Found Eluvuobu's Book Shoppe.
 11049 | Bazaar   | Found Otycin's Magic Scroll Shoppe.
 11095 | Bazaar   | Found Ivuvol's Antique Armour Boutique.
 11107 | Bazaar   | Found Jyorel's General Store.
 11118 | Bazaar   | Found Otuphoad's Antique Weapon Boutique.
 11152 | Bazaar   | Bought a pair of blackened boots for 228 gold pieces
 11152 | Bazaar   | Identified the +1 pair of boots "Vocrumip" {Dex+3} (You
                  | bought it in a shop in a bazaar)
 11253 | D:12     | Noticed a boulder beetle
 11253 | D:12     | Noticed a deep elf pyromancer
 11265 | D:12     | Killed a boulder beetle
 11277 | D:12     | Killed a deep elf pyromancer
 11280 | D:12     | Reached XP level 12. HP: 75/110 MP: 2/11
 11329 | D:12     | Received a gift from Trog
 11621 | D:12     | Noticed a boulder beetle
 11635 | D:12     | Killed a boulder beetle
 11695 | D:12     | Noticed an ogre mage
 11700 | D:12     | Killed an ogre mage
 11972 | D:12     | Noticed Nessos
 11986 | D:12     | HP: 4/112 [Nessos/arrow (7)]
 11987 | D:12     | Succumbed to Nessos's poison

Illustrated notes

Levels and vault maps discovered:
D:1:      matt_arrival_refuge, layout_basic, nicolae_wormholes
D:2:      layout_rooms, nicolae_ecumenical_pavilion
D:3:      minmay_wonky_spiral, layout_loops_ring, lemuel_tele_altar,
          kennysheep_vampire_church, kb_xom_exploding_sheep,
          ebering_ghost_reflecting_pool, amcnicky_mini_corridor_feature,
          uniq_ijyb
D:4:      layout_loops_ring, riverfiend_overflow_shadow_ancestor,
          mainiacjoe_overflow_catwalk_spiral, nicolae_ossuary_entry_giza,
          mrwooster_statue_mirror
D:5:      layout_basic, lemuel_doored_altar, hangedman_decor_diamond_cutter,
          minmay_misc_feat_hallway, uniq_eustachio
D:6:      layout_rooms, lemuel_crystal_altar, mainiacjoe_overflow_cross_hatched,
          mainiacjoe_overflow_brackets, minmay_temple_entry_poolview,
          st_stairs_4
D:7:      layout_cave_pools, amcnicky_altar_gilded, uniq_duvessa,
          uniq_prince_ribbit1
D:8:      layout_gridville, serial_shops, shop
D:9:      layout_layer_cave, lemuel_coloured_pillars_altar,
          mainiacjoe_overflow_alcove_2, mainiacjoe_overflow_six_doors_small,
          corner_web_ring, nicolae_shop_firing_range, uniq_maurice, uniq_harold,
          uniq_joseph, uniq_pikel
D:10:     layout_cross, zin_scriptorium, erik_lair_orcish_takeover,
          kennysheep_small_square
D:11:     layout_stronghold
D:12:     minmay_quarter_circles, layout_irregular_city, serial_shops,
          bzr_in_the_mist, uniq_nessos

Skill      XL: |  1  2  3  4  5  6  7  8  9 10 11 12 |
---------------+-------------------------------------+-----
Fighting       | 4 5 6 7 9 10 11 12 | 12.0
Axes           | 4 5 6 7 8 10 11 12 | 12.0
Armour         | 3 4 6 7 8 9 11 | 11.7
Dodging        | 3 4 5 6 7 9 10 | 10.8
Shields        | 2 5 7 9 |  9.6

Action                     |  1- 3 |  4- 6 |  7- 9 | 10-12 || total
---------------------------+-------+-------+-------+-------++-------
  Melee: Hand axe          |    81 |   124 |       |       ||   205
         Headbutt          |     8 |    22 |    36 |    76 ||   142
         Punch             |     2 |       |       |       ||     2
         War axe           |       |    17 |   213 |   328 ||   558
 Invoke: Berserk           |     2 |     2 |     2 |     4 ||    10
         Trog's Hand       |       |     2 |     1 |     2 ||     5
         Brothers in Arms  |       |       |       |     1 ||     1
  Evoke: Wand              |       |       |       |     1 ||     1
    Use: Scroll            |       |     7 |       |     4 ||    11
         Potion            |       |       |       |     2 ||     2
 Armour: Animal skin       |    10 |       |       |       ||    10
         Scale mail        |    18 |     6 |       |       ||    24
         Plate armour      |       |    97 |   112 |   138 ||   347
  Dodge: Dodged            |    60 |    61 |    86 |   130 ||   337
  Block: Kite shield       |       |       |    50 |   202 ||   252
